 Dungeon Crawl Stone Soup version 0.22.0 (webtiles) character file.

16 CyclopB the Changer (level 2, 0/27 HPs)
             Began as an Octopode Transmuter on Dec 28, 2018.
             Succumbed to a worker ant's poison
             ... on level 2 of the Dungeon.
             The game lasted 00:03:21 (592 turns).

CyclopB the Changer (Octopode Transmuter)            Turns: 592, Time: 00:03:21

Health: 0/27       AC: 21    Str:  9    XL:     2   Next: 54%
Magic:  4/5        EV:  2    Int: 15    God:
Gold:   29         SH:  0    Dex: 12    Spells: 4/5 levels left

rFire    . . .     SeeInvis .     - Unarmed
rCold    . . .     Gourm    .   (no shield)
rNeg     + + +     Faith    .   (helmet currently unavailable)
rPois    +         Spirit   .   (no amulet)
rElec    .         Reflect  .   (no ring)
rCorr    .         Harm     .   (no ring)
MR       .....     NoTele   +   (no ring)
Stlth    +.........             (no ring)
HPRegen  0.09/turn              (no ring)
MPRegen  0.09/turn              (no ring)
                                (no ring)
                                (no ring)

@: lethally poisoned (0 -> -17), tree-form
A: almost no armour, stealthy swim, (amphibious), 8 rings, (constrict 8)
a: no special abilities


You were on level 2 of the Dungeon.
You were not hungry.
You were a tree.
You visited 1 branch of the dungeon, and saw 2 of its levels.

You collected 29 gold pieces.

Inventory:

Missiles
 a - 12 arrows
 g - 48 stones (quivered)
Scrolls
 b - 3 scrolls of amnesia {unknown}
 d - 2 scrolls of teleportation {unknown}
 f - a scroll of noise {unknown}
 h - a scroll of enchant armour {unknown}
Potions
 i - a potion of brilliance {unknown}
Comestibles
 c - a ration


   Skills:
 - Level 1.0 Fighting
 - Level 2.0 Dodging
 - Level 3.0 Unarmed Combat
 - Level 2.0 Spellcasting
 + Level 3.1 Transmutations


You had 4 spell levels left.
You knew the following spells:

 Your Spells              Type           Power        Failure   Level  Hunger
a - Beastly Appendage     Tmut           ##....       6%          1    #......

Your spell library contained the following spells:

 Spells                   Type           Power        Failure   Level  Hunger
 Spider Form              Tmut/Pois      #.........   34%         3    ###....
 Blade Hands              Tmut           ##........   86%         5    ######.
 Ice Form                 Ice/Tmut       #.......     75%         4    #####..
 Sticks to Snakes         Tmut           ##......     10%         2    ###....


Dungeon Overview and Level Annotations

Branches:
Dungeon (1/15)

Altars:


Innate Abilities, Weirdness & Mutations

You cannot wear most types of armour.
You are very stealthy in the water. (Stealth+)
((You are amphibious.))
You can wear up to eight rings at the same time.
((You can use your tentacles to constrict eight enemies at once.))
((Your skin changes colour to match your surroundings (Stealth+).))
((Your rubbery body absorbs attacks. (AC +1, EV +1)))


Message History

The worker ant is almost dead.
You constrict the worker ant, but do no damage.
The worker ant completely misses you.
You barely miss the worker ant.
The worker ant is severely wounded.
You constrict the worker ant. The worker ant bites you.
You are lethally poisoned!
The worker ant poisons you!
You tentacle-slap the worker ant but do no damage.
The worker ant is almost dead.
You constrict the worker ant, but do no damage.
You feel sick. The worker ant bites you.
* * * LOW HITPOINT WARNING * * *
You are more poisoned.
The worker ant poisons you!
It was a potion of lignification.
Your tentacle spike disappears.
You turn into a tree.
Your roots penetrate the ground.
You lose your grip on the worker ant.
You die...

#......# #......#
.... #......##....
#............
####..........#
#.............#
####.....##......##
...................
.(......)♣.........
........a..........
....#...###########
... #...######....
.. #.............
.#..(..........
?...........b....
.................
......(..........#


You could see a worker ant.

Vanquished Creatures
  A dart slug (D:2)
  A bat (D:1)
  2 hobgoblins
  4 jackals (D:1)
  2 frilled lizards (D:1)
  2 goblins (D:1)
12 creatures vanquished.

Notes
Turn   | Place    | Note
-------+----------+-------------------------------------------
     0 | D:1      | CyclopB the Octopode Transmuter began the quest for the Orb.
     0 | D:1      | Reached XP level 1. HP: 13/13 MP: 3/3
   201 | D:1      | Reached XP level 2. HP: 18/18 MP: 3/5
   551 | D:1      | You fall through a shaft!
   592 | D:2      | Succumbed to a worker ant's poison

Skill      XL: |  1  2 |
---------------+-------+-----
Transmutations | 3 |  3.1
Fighting       | |  1.0
Dodging        | |  2.0
Unarmed Combat | |  3.0
Spellcasting   | |  2.0

Action                   || total
-------------------------++-------
Melee: Unarmed           ||    35
       Constrict         ||     9
       Kick              ||     8
       Tentacles         ||     2
Throw: Stone             ||    15
 Cast: Beastly Appendage ||     7
  Use: Potion            ||     1
Armor: Skin              ||     2
Dodge: Dodged            ||    23
